 Dungeon Crawl Stone Soup version 0.29.1-4-g47bece8355 (webtiles) character file.

Game seed: 11155242024254693864

277 sanboga the Conjurer (level 5, 0/38 HPs)
             Began as a Demigod Conjurer on Dec 1, 2022.
             Slain by Pikel
             ... wielding a +1 whip of flaming
              (8 damage)
             ... on level 3 of the Dungeon.
             The game lasted 00:07:18 (4148 turns).

sanboga the Conjurer (Demigod Conjurer)             Turns: 4148, Time: 00:07:19

Health: 0/38       AC:  2    Str:  8    XL:     5   Next: 74%
Magic:  8/12       EV: 12    Int: 24    God:
Gold:   172        SH:  0    Dex: 12    Spells: 3/10 levels left

rFire   . . .      SeeInvis .   s - +0 dagger
rCold   . . .      Faith    .   (no shield)
rNeg    . . .      Spirit   .   a - +0 robe
rPois   .          Reflect  .   (no helmet)
rElec   .          Harm     .   (no cloak)
rCorr   .          Rampage  .   (no gloves)
Will    .....                   (no boots)
Stlth   ++........              g - amulet of regeneration
HPRegen 0.92/turn               (no ring)
MPRegen 0.13/turn               (no ring)

@: no status effects
A: high MP 1, forlorn, divine attributes
a: no special abilities


You were on level 3 of the Dungeon.
You visited 1 branch of the dungeon, and saw 4 of its levels.

You collected 172 gold pieces.

Inventory:

Hand Weapons
 s - a +0 dagger (weapon)
Armour
 a - a +0 robe (worn)
Jewellery
 g - an amulet of regeneration (around neck)
Scrolls
 c - a scroll of enchant armour {unknown}
 e - a scroll of teleportation {unknown}
 k - 2 scrolls of identify {unknown}
 m - a scroll of magic mapping {unknown}
 n - a scroll of noise {unknown}
 q - a scroll of poison {unknown}
 r - a scroll of blinking {unknown}
 t - a scroll of butterflies {unknown}
 u - a scroll of enchant weapon {unknown}
Potions
 b - a potion of magic
 d - a potion of ambrosia {unknown}
 f - 2 potions of curing {unknown}
 h - a potion of flight {unknown}
 j - a potion of might
 l - a potion of invisibility {unknown}
 o - 2 potions of haste {unknown}
 p - 2 potions of heal wounds {unknown}


   Skills:
 + Level 3.2 Dodging
 - Level 1.7 Stealth
 + Level 3.0 Spellcasting
 * Level 5.3 Conjurations


You had 3 spell levels left.
You knew the following spells:

 Your Spells              Type           Power      Damage    Failure   Level
a - Magic Dart            Conj           100%       1d8       1%          1
b - Searing Ray           Conj           58%        2d6       1%          2
c - Fulminant Prism       Conj/Hex       8%         3d7       34%         4

Your spell library contained the following spells:

 Spells                   Type           Power      Damage    Failure   Level
 Summon Small Mammal      Summ           12%        N/A       11%         1
 Dazzling Flash           Conj/Hex       32%        N/A       11%         3
 Call Canine Familiar     Summ           3%         N/A       32%         3
 Summon Guardian Golem    Hex/Summ       3%         N/A       32%         3
 Iskenderun's Mystic Bla  Conj/Tloc      16%        2d5       34%         4


Dungeon Overview and Level Annotations

Branches:
Dungeon (4/15)
 Temple: D:4-7

Shops:
D:2 (

Annotations:
D:3 Pikel


Innate Abilities, Weirdness & Mutations

You have an increased reservoir of magic. (+10% MP)
You shall have no god before yourself.
Your divine heritage dramatically boosts your attributes as you level up.


Message History

Aim: Pikel, wielding a +1 whip of flaming and wearing a +0 robe (lightly wounded, 100% to hit)
The magic dart hits Pikel but does no damage.
Pikel is lightly wounded.
You climb upwards.
There is a stone staircase leading down here.
You start resting.
Magic restored.
You climb downwards.
Level annotation: Pikel Pikel drinks a potion.
Pikel seems to grow stronger.
Pikel hits you but does no damage.
There is a stone staircase leading up, spattered with blood here.
Casting: Magic Dart (safe; 1% risk of failure)
Confirm with . or Enter, or press ? or * to list all spells.
You don't know that spell.
Pikel misses you.
You climb upwards.
There is a stone staircase leading down here.
Casting: Magic Dart (safe; 1% risk of failure)
Confirm with . or Enter, or press ? or * to list all spells.
Aiming: Searing Ray (safe; 1% risk of failure)
Press: ? - help, Shift-Dir - straight line, f - Pikel
Aim: Pikel, wielding a +1 whip of flaming and wearing a +0 robe (strong, 74% to hit)
The searing ray hits Pikel.
Pikel is lightly wounded. (Press . to maintain the ray.) Pikel hits you with a +1 whip of flaming!
Pikel burns you.
The searing ray misses Pikel.
Pikel barely misses you.
The searing ray hits Pikel!
Pikel is moderately wounded.
Pikel hits you with a +1 whip of flaming!
* * * LOW HITPOINT WARNING * * *
Pikel burns you.
* * * LOW HITPOINT WARNING * * *
As you read the scroll labelled XOIMUO TEOJY, it crumbles to dust.
The creatures around you are filled with an inner flame!
It was a scroll of immolation.
Pikel hits you with a +1 whip of flaming!
You die...

##..♣...♣..##
#...........#
#.....♣.....#
#..>.....>..#
#.....♣.....#
#.......)...#
###..♣...♣..###########
#.##...K...##..........
#.....@...#....########
######....##..##.......
#.##....###..##...
#.####### #.###... #.#
#.###..# #.# #......#
#.# #.....## #)#
#...### #####'####
#.####


You could see Pikel (inner flame, strong).

Vanquished Creatures
  2 lemures
  A scorpion (D:4)
  A hound (D:4)
  Natasha (twice) (D:4)
  7 adders
  A worm (D:3)
  A dart slug (D:4)
  2 orcs
  8 bats
  8 endoplasms
  10 goblins
  7 hobgoblins
  4 jackals (D:3)
  A quokka (D:1)
  7 ball pythons
  2 frilled lizards
  6 kobolds
  3 rats
73 creatures vanquished.

Notes
Turn   | Place    | Note
-------+----------+-------------------------------------------
     0 | D:1      | sanboga the Demigod Conjurer began the quest for the Orb.
     0 | D:1      | Reached XP level 1. HP: 14/14 MP: 5/5
   532 | D:1      | Reached XP level 2. HP: 20/20 MP: 2/7
  1001 | D:1      | Reached skill level 4 in Conjurations
  1451 | D:2      | Found Uril Qus's Antique Weapon Shoppe.
  1776 | D:2      | Reached XP level 3. HP: 26/26 MP: 5/8
  2945 | D:3      | Reached XP level 4. HP: 28/33 MP: 2/10
  3008 | D:3      | Learned a level 2 spell: Searing Ray
  3013 | D:3      | Learned a level 4 spell: Fulminant Prism
  3673 | D:4      | Noticed Natasha
  3679 | D:4      | Killed Natasha
  3728 | D:4      | Noticed Natasha
  3758 | D:4      | Reached XP level 5. HP: 27/38 MP: 12/12
  3776 | D:4      | Killed Natasha
  3777 | D:4      | Reached skill level 5 in Conjurations
  3917 | D:4      | Noticed Pikel
  4148 | D:3      | Slain by Pikel

Illustrated notes

Levels and vault maps discovered:
D:1:      moated_graveyard_arrival, layout_basic,
          ebering_ecumenical_altar_ruins, minmay_shallow_snake_nest
D:2:      layout_loops_corners, serial_shops, shop
D:3:      minmay_recursive_quarters, layout_basic, nzn_wu_jian_contemplation,
          grunt_ministairs_10
D:4:      layout_loops_ring, mainiacjoe_overflow_24_doors, fiery_altar_vehumet,
          serial_shops, nicolae_shop_competitors_out_of_business,
          minmay_surrounded, uniq_pikel, uniq_natasha, uniq_duvessa,
          uniq_grinder

Skill      XL: |  1  2  3  4  5 |
---------------+----------------+-----
Dodging        | 2 3 |  3.2
Spellcasting   | 2 3 |  3.0
Conjurations   | 4 5 |  5.3
Stealth        | |  1.7

Action                   |  1- 3 |  4- 6 || total
-------------------------+-------+-------++-------
Melee: Unarmed           |    29 |       ||    29
       Dagger            |    17 |    66 ||    83
 Cast: Magic Dart        |   112 |    46 ||   158
       Searing Ray       |       |     5 ||     5
  Use: Scroll            |       |     1 ||     1
 Stab: Sleeping          |       |     1 ||     1
Armor: Robe              |     5 |    15 ||    20
Dodge: Dodged            |    35 |    64 ||    99
